 Dungeon Crawl Stone Soup version 0.27-a0-679-g77a6b55cf3 (webtiles) character file.

Game seed: 16089507146290020832

106 jestyr24 the Firebug (level 4, -2/30 HPs)
             Began as a Demonspawn Fire Elementalist on Mar 18, 2021.
             Slain by Menkaure (19 damage)
             ... on level 4 of the Dungeon.
             The game lasted 00:10:28 (1424 turns).

jestyr24 the Firebug (Demonspawn Fire Elementalist) Turns: 1424, Time: 00:10:31

Health: -2/30      AC:  8    Str:  8    XL:     4   Next: 55%
Magic:  15/17      EV: 12    Int: 17    God:
Gold:   44         SH:  0    Dex: 14    Spells: 4/8 levels left

rFire    . . .     SeeInvis .   h - +1 hunting sling (flame)
rCold    . . .     Faith    .   (no shield)
rNeg     . . .     Spirit   .   a - +0 robe
rPois    .         Reflect  .   (no helmet)
rElec    .         Harm     .   (no cloak)
rCorr    .         Rampage  .   (no gloves)
Will     .....                  (no boots)
Stlth    ++........             (no amulet)
HPRegen  0.10/turn              e - +4 ring of protection
MPRegen  0.15/turn              p - ring of magical power

@: no status effects
A: icy blue scales 1, spiny 1
a: no special abilities


You were on level 4 of the Dungeon.
You visited 1 branch of the dungeon, and saw 3 of its levels.

You collected 44 gold pieces.

Inventory:

Hand Weapons
 b - a +0 dagger
 c - a +0 dagger
 h - a +1 hunting sling of flaming (weapon)
Missiles
 i - 31 stones (quivered ammo)
 k - a throwing net
 l - 3 boomerangs
 o - 6 atropa-tipped darts
Armour
 a - a +0 robe (worn)
Jewellery
 e - a +4 ring of protection (right hand)
 f - a +4 ring of evasion
 p - a ring of magical power (left hand)
Scrolls
 d - 3 scrolls of identify {unknown}
 m - a scroll of enchant armour {unknown}
 n - a scroll of vulnerability {unknown}
Potions
 g - a potion of brilliance {unknown}
 j - 2 potions of heal wounds {unknown}


   Skills:
 + Level 0.2 Fighting
 + Level 0.2 Slings
 + Level 2.0 Dodging
 + Level 2.4 Stealth
 + Level 2.8 Spellcasting
 + Level 1.5 Conjurations
 + Level 3.6 Fire Magic


You had 4 spell levels left.
You knew the following spells:

 Your Spells              Type           Power      Damage    Failure   Level
a - Foxfire               Conj/Fire      44%        2x1d6     6%          1
b - Inner Flame           Hex/Fire       8%         N/A       26%         3

Your spell library contained the following spells:

 Spells                   Type           Power      Damage    Failure   Level
 Conjure Flame            Conj/Fire      11%        6-21      19%         3
 Sticky Flame             Conj/Fire      11%        2d3       52%         4
 Fireball                 Conj/Fire      5%         3d5       86%         5


Dungeon Overview and Level Annotations

Branches:
Dungeon (2/15)

Altars:
Dithmenos

Annotations:
D:4 Menkaure


Innate Abilities, Weirdness & Mutations

You are partially covered in icy blue scales. (AC +2)
You are partially covered in sharp spines.


Message History

Confirm with . or Enter, or press ? or * to list all spells.
You conjure some foxfire!
Fire: 34 stones
Press: ? - help, Q - select action, (/) - cycle Shift-Dir - straight line, f - Menkaure
Aim: Menkaure (ally target, 74% to hit)
You shoot a stone. The stone closely misses Menkaure.
The foxfire hits Menkaure!
Menkaure is burned terribly!
Menkaure is moderately damaged.
The foxfire hits Menkaure.
Menkaure is moderately damaged.
Casting: Foxfire (safe; 6% risk of failure)
Confirm with . or Enter, or press ? or * to list all spells.
You conjure some foxfire!
Fire: 33 stones
Press: ? - help, Q - select action, (/) - cycle Shift-Dir - straight line, f/p - Menkaure
Aim: Menkaure (moderately damaged, ally target, 74% to hit)
You shoot a stone. The stone hits Menkaure.
The stone burns Menkaure.
Menkaure is heavily damaged.
The foxfire hits Menkaure but does no damage.
Menkaure is heavily damaged.
The foxfire hits Menkaure but does no damage.
Menkaure is heavily damaged.
Casting: Foxfire (safe; 6% risk of failure)
Confirm with . or Enter, or press ? or * to list all spells.
You conjure some foxfire!
Menkaure points at you and mumbles some strange words.
You barely resist.
Fire: 32 stones
Press: ? - help, Q - select action, (/) - cycle Shift-Dir - straight line, f/p - Menkaure
Aim: Menkaure (heavily damaged, ally target, 74% to hit)
You shoot a stone.
The stone hits Menkaure but does no damage.
Menkaure is heavily damaged.
The foxfire hits Menkaure.
Menkaure is heavily damaged.
The foxfire hits Menkaure.
Menkaure is heavily damaged.
Menkaure hits you!!
Ouch! That really hurt!
You die...

##### #...##
#....
#######..###
##.#§.##..#.###
#..@.§........#
#..M#....#..(.##
#..[(##..####...#
##..###..##....##
#... .........##
##(...........#
#..##........###
#.. ...........#
.......#...##


You could see Menkaure.

Vanquished Creatures
  A jelly (D:4)
  A worker ant (D:4)
  2 adders
  An ooze (D:2)
  2 leopard geckos (D:1)
  3 bats
  7 goblins
  5 hobgoblins
  2 kobolds (D:1)
  2 frilled lizards
  4 rats
30 creatures vanquished.

Vanquished Creatures (others)
  70 foxfires
70 creatures vanquished.

Grand Total: 100 creatures vanquished

Notes
Turn   | Place    | Note
-------+----------+-------------------------------------------
     0 | D:1      | jestyr24 the Demonspawn Fire Elementalist began the quest
                  | for the Orb.
     0 | D:1      | Reached XP level 1. HP: 13/13 MP: 3/3
   153 | D:1      | Upgraded the game from 0.27-a0-668-gb5737ff2c0 to
                  | 0.27-a0-679-g77a6b55cf3
   192 | D:1      | Reached skill level 3 in Fire Magic
   213 | D:1      | Gained mutation: You are partially covered in icy blue
                  | scales. (AC +2) [demonic ancestry]
   213 | D:1      | Reached XP level 2. HP: 19/19 MP: 3/5
   932 | D:2      | Gained mutation: You are partially covered in sharp spines.
                  | [demonic ancestry]
   932 | D:2      | Reached XP level 3. HP: 21/24 MP: 2/6
  1024 | D:2      | Found a shadowy altar of Dithmenos.
  1155 | D:2      | You fall into a shaft and drop 2 floors!
  1186 | D:4      | Reached XP level 4. HP: 30/30 MP: 2/8
  1190 | D:4      | Learned a level 3 spell: Inner Flame
  1417 | D:4      | Noticed Menkaure
  1424 | D:4      | Slain by Menkaure

Illustrated notes

Levels and vault maps discovered:
D:1:      minmay_arrival_five_plusses, layout_basic
D:2:      layout_basic, lemuel_round_altar, grunt_dithmenos_smoke_and_mirrors,
          solitary_fountain
D:4:      layout_cave_pools, lemuel_crystal_altar,
          chequers_serial_rivers_micro_b, uniq_menkaure

Skill      XL: |  1  2  3 |
---------------+----------+-----
Fire Magic     | 3 |  3.6
Stealth        | 2 |  2.4
Dodging        | 2 |  2.0
Fighting       | |  0.2
Slings         | |  0.2
Spellcasting   | |  2.8
Conjurations   | |  1.5

Action                   |  1- 3 |  4- 6 || total
-------------------------+-------+-------++-------
Melee: Dagger            |    20 |       ||    20
 Fire: Hunting sling     |     3 |     7 ||    10
 Cast: Foxfire           |    39 |     4 ||    43
 Stab: Sleeping          |     1 |       ||     1
Armor: Robe              |     4 |       ||     4
Dodge: Dodged            |    26 |       ||    26

Table legend: (Time is in decaauts)
 A = Elapsed time spent in this place.
 B = Non-inter-level travel time spent in this place.
 C = Inter-level travel time spent in this place.
 D = Time resting spent in this place.
 E = Time spent auto-exploring this place.
 F = Levels seen in this place.
 G = Mean time per level.
                   A        B        C        D        E       F      G
               +--------+--------+--------+--------+--------+-----+--------+
         Total |   1422 |   1412 |     10 |    275 |    802 |   3 |  474.0 |
       Dungeon |   1422 |   1412 |     10 |    275 |    802 |   3 |  474.0 |
               +--------+--------+--------+--------+--------+-----+--------+

Top non-repeatable levels by time:
     D:1: 895 daAuts
     D:4: 269 daAuts
     D:2: 257 daAuts
